 Dungeon Crawl Stone Soup version 0.29-a0-359-g541a27f54d (webtiles) character file.

Game seed: 8548248816331710064

438 purpskrrrp the Skirmisher (level 6, -7/73 HPs)
             Began as a Demonspawn Abyssal Knight on Apr 27, 2022.
             Was a Priest of Lugonu.
             Mangled by an ogre
             ... wielding a +0 giant spiked club
              (16 damage)
             ... on level 4 of the Dungeon.
             The game lasted 00:22:58 (2757 turns).

purpskrrrp the Skirmisher (DsAK)                    Turns: 2757, Time: 00:22:59

Health: -7/73      AC: 23    Str: 16    XL:     6   Next: 69%
Magic:  8/8        EV:  2    Int:  7    God:    Lugonu [***...]
Gold:   146        SH:  0    Dex: 13    Spells: 5/5 levels left

rFire   + + +      SeeInvis .   n - +6 war axe "Otiqyfew" {vorpal, rF+++ Will- rCorr Int-4}
rCold   . . .      Faith    .   (no shield)
rNeg    . . .      Spirit   .   (body armour currently unavailable)
rPois   +          Reflect  .   (helmet currently unavailable)
rElec   .          Harm     .   (cloak currently unavailable)
rCorr   +          Rampage  .   (gloves currently unavailable)
Will    .....      NoTele   +   (boots currently unavailable)
Stlth   +.........              (no amulet)
HPRegen 0.22/turn               j - ring of wizardry
MPRegen 0.11/turn               l - ring of protection from fire

@: tree-form, unable to read
A: stationary, stasis, torment immunity, boosted hp, (icy blue scales 1), ignite
blood 1, (spiny 1), (beak), inability to read while threatened
a: Renounce Religion, Depart the Abyss, Bend Space, Banish


You were on level 4 of the Dungeon.
You worshipped Lugonu.
Lugonu was most pleased with you.
You were a tree.
You visited 1 branch of the dungeon, and saw 4 of its levels.
You visited the Abyss 1 time.

You collected 146 gold pieces.

Inventory:

Hand Weapons
 a - a +2 hand axe
 e - a +0 scythe
 h - a +0 short sword
 n - the +6 war axe "Otiqyfew" (weapon) {vorpal, rF+++ Will- rCorr Int-4}
   (You found it on level 4 of the Dungeon)

   It inflicts extra damage upon your enemies.
   Int:       It affects your intelligence (-4).
   rF:        It renders you almost immune to fire.
   rCorr:     It protects you from acid and corrosion.
   Will:      It decreases your willpower.
Armour
 b - a +0 leather armour
 c - a +0 ring mail (melded)
 g - a +0 helmet
Jewellery
 j - a ring of wizardry (left branch)
 l - a ring of protection from fire (right branch)
Wands
 i - a wand of iceblast (1)
Scrolls
 k - a scroll of fog
 o - a scroll of teleportation {unknown}
Potions
 d - a potion of lignification
 f - a potion of flight
 m - 3 potions of magic {unknown}


   Skills:
 + Level 4.7 Fighting
 + Level 4.4 Axes
 + Level 3.1 Armour
 + Level 1.8 Dodging
 + Level 0.3 Stealth
 + Level 3.0 Invocations


You had 5 spell levels left.
You didn't know any spells.
Your spell library contained the following spells:

 Spells                   Type           Power      Damage    Failure   Level
 Beastly Appendage        Tmut           0%         N/A       19%         1
 Wereblood                Tmut           0%         N/A       26%         2
 Spider Form              Tmut/Pois      0%         N/A       45%         3


Dungeon Overview and Level Annotations

Branches:
Dungeon (4/15)
 Temple: D:4-7

Altars:


Innate Abilities, Weirdness & Mutations

You are a tree.
Your roots penetrate the ground, keeping you stationary.
You cannot be teleported.
You are immune to unholy pain and torment.
Your maximum health is greatly increased.
Your equipment is partially melded.
((You are partially covered in icy blue scales. (AC +2)))
Your demonic aura sometimes causes spilled blood to erupt in flames.
((You are partially covered in sharp spines.))
((You have a beak for a mouth.))
You sometimes lose the ability to read scrolls when taking damage.


Message History

You kill the ball python!
Lugonu accepts your kill.
You hit the bullfrog. The bullfrog closely misses you.
The bullfrog is struck by your spines.
You kill the bullfrog!
Lugonu accepts your kill. The adder is struck by your spines.
The adder barely misses you.
You see here a ball python corpse.
You closely miss the adder.
The adder is lightly wounded.
The adder is struck by your spines. The adder barely misses you.
You slash the adder!
You kill the adder!
Lugonu accepts your kill.
You now have 134 gold pieces (gained 14).
There are no items here.
You see here an adder corpse.
Found 10 gold pieces.
Found a stone staircase leading up.
o - a scroll labelled QIRROM VIMPI
There are no items here.
An ogre comes into view. It is wielding a +0 giant spiked club.
The ogre shouts!
The ogre moves out of view.
You now have 146 gold pieces (gained 12).
An ogre is nearby!
You hit the ogre. You peck the ogre.
The ogre is moderately wounded.
The ogre hits you with a +0 giant spiked club!!
The ogre is struck by your spines.
The ogre hits you with a +0 giant spiked club!!
You feel threatened and lose the ability to read scrolls!
* * * LOW HITPOINT WARNING * * *
Really quaff the potion of lignification?
You turn into a tree.
Your +0 ring mail melds into your body.
Your roots penetrate the ground.
You slash the ogre!
The ogre is almost dead.
The ogre hits you with a +0 giant spiked club!
You die...

.......#...#.......##.
.......###.....#.#.#
.†......###....#...#
............††.....#
....†...#....#.....#
..........####.....###
................##...#
.......######..°..°..#
...............°♣°...#
........###.#.###O...#
........# #... #.####
........#####. ...
........... .. #...
........... . ##...
........... ....
......#.... .....
#######....


You could see an ogre.

Vanquished Creatures
  Sigmund (D:2)
  A bullfrog (D:4)
  An iguana (D:4)
  2 jellies (D:2)
  Robin (D:2)
  3 adders
  2 worms
  4 dart slugs
  An orc (D:3)
  10 endoplasms (D:2)
  2 giant cockroaches
  6 goblins
  7 hobgoblins
  4 jackals (D:2)
  2 quokkas (D:4)
  7 ball pythons
  3 bats
  A frilled lizard (D:3)
  12 kobolds
  6 rats
76 creatures vanquished.

Vanquished Creatures (others)
  6 fungi (D:2)
  9 toadstools (D:2)
15 creatures vanquished.

Grand Total: 91 creatures vanquished

Notes
Turn   | Place    | Note
-------+----------+-------------------------------------------
     0 | Abyss:1  | purpskrrrp the Demonspawn Abyssal Knight began the quest
                  | for the Orb.
     0 | Abyss:1  | Reached XP level 1. HP: 18/18 MP: 2/2
    13 | D:1      | Escaped the Abyss
   194 | D:1      | You fall into a shaft and drop 1 floor!
   205 | D:2      | Gained mutation: You are partially covered in sharp spines.
                  | [demonic ancestry]
   205 | D:2      | Reached XP level 2. HP: 18/24 MP: 3/3
   469 | D:2      | Noticed Sigmund
   500 | D:2      | Killed Sigmund
   501 | D:2      | Reached skill level 1 in Dodging
   501 | D:2      | Gained mutation: You are partially covered in icy blue
                  | scales. (AC +2) [demonic ancestry]
   501 | D:2      | Reached XP level 3. HP: 12/31 MP: 3/5
   501 | D:2      | Gained mutation: Your demonic aura sometimes causes spilled
                  | blood to erupt in flames. [demonic ancestry]
   501 | D:2      | Reached XP level 4. HP: 15/38 MP: 3/6
   501 | D:2      | Reached XP level 5. HP: 17/43 MP: 3/7
   741 | D:2      | Noticed Robin
   755 | D:2      | Killed Robin
  1077 | D:2      | Reached *** piety under Lugonu
  1264 | D:2      | Reached XP level 6. HP: 39/49 MP: 8/8
  2274 | D:3      | Gained mutation: You sometimes lose the ability to read
                  | scrolls when taking damage. [potion of mutation]
  2274 | D:3      | Gained mutation: You have a beak for a mouth. [potion of
                  | mutation]
  2605 | D:4      | Identified the +6 war axe "Otiqyfew" {vorpal, rF+++ Will-
                  | rCorr Int-4}
  2757 | D:4      | Mangled by an ogre

Illustrated notes

Levels and vault maps discovered:
D:1:      heliophobic_arrival_dark_side_of_the_moon, layout_loops_ring
D:2:      cheibrodos_fertilizer, layout_loops_ring, dk_noncrumbling_4,
          uniq_sigmund, uniq_robin
D:3:      layout_loops_ring
D:4:      layout_rooms, nicolae_elevator_lobby_asterisk

Skill      XL: |  1  2  3  4  5  6 |
---------------+-------------------+-----
Armour         | 2 3 |  3.1
Axes           | 3 4 |  4.4
Fighting       | 4 |  4.7
Dodging        | 1 |  1.8
Invocations    | 3 |  3.0
Stealth        | |  0.3

Action                   |  1- 3 |  4- 6 || total
-------------------------+-------+-------++-------
Melee: Hand axe          |    34 |   105 ||   139
       Punch             |     1 |       ||     1
       War axe           |       |     8 ||     8
       Peck              |       |     7 ||     7
  Use: Scroll            |     2 |     4 ||     6
       Potion            |     1 |     6 ||     7
Armor: Leather armour    |     7 |     1 ||     8
       Skin              |    11 |     2 ||    13
       Ring mail         |       |    40 ||    40
Dodge: Dodged            |    17 |    40 ||    57

Table legend: (Time is in decaauts)
 A = Elapsed time spent in this place.
 B = Non-inter-level travel time spent in this place.
 C = Inter-level travel time spent in this place.
 D = Time resting spent in this place.
 E = Time spent auto-exploring this place.
 F = Levels seen in this place.
 G = Mean time per level.
                   A        B        C        D        E       F      G
               +--------+--------+--------+--------+--------+-----+--------+
         Total |   2771 |   2505 |    266 |    583 |   1192 |   5 |  554.2 |
       Dungeon |   2758 |   2492 |    266 |    583 |   1188 |   4 |  689.5 |
         Abyss |     13 |     13 |      0 |      0 |      4 |   1 |   13.0 |
               +--------+--------+--------+--------+--------+-----+--------+

Top non-repeatable levels by time:
     D:2: 1509 daAuts
     D:3: 784 daAuts
     D:4: 281 daAuts
     D:1: 182 daAuts
 Abyss:1: 13 daAuts
